 Dungeon Crawl Stone Soup version 0.29-a0-617-g7a6b98fccd (webtiles) character file.

Game seed: 828301308979876421

52 Kaemin the Slasher (level 3, 0/33 HPs)
             Began as a Minotaur Berserker on June 18, 2022.
             Was a Follower of Trog.
             Killed from afar by an orc wizard (2 damage)
             ... with a puff of flame
             ... on level 3 of the Dungeon.
             The game lasted 00:06:18 (2309 turns).

Kaemin the Slasher (Minotaur Berserker)             Turns: 2309, Time: 00:06:19

Health: 0/33       AC: 11    Str: 23    XL:     3   Next: 60%
Magic:  2/2        EV:  6    Int:  4    God:    Trog [*.....]
Gold:   101        SH:  0    Dex:  9    Spells: 2/2 levels left

rFire   . . .      SeeInvis .   a - +0 falchion
rCold   . . .      Faith    .   c - +0 tower shield
rNeg    . . .      Spirit   .   e - +0 plate armour
rPois   .          Reflect  +   (helmet restricted)
rElec   .          Harm     .   (no cloak)
rCorr   .          Rampage  .   (no gloves)
Will    .....                   (no boots)
Stlth   ..........              g - amulet of reflection
HPRegen 0.11/turn               l - +4 ring of evasion
MPRegen 0.08/turn               (no ring)

@: confused
A: horns 2, retaliatory headbutt
a: Renounce Religion, Berserk


You were on level 3 of the Dungeon.
You worshipped Trog.
Trog was aware of your devotion.
You visited 1 branch of the dungeon, and saw 3 of its levels.

You collected 101 gold pieces.

Inventory:

Hand Weapons
 a - a +0 falchion (weapon)
Armour
 b - a +0 animal skin
 c - a +0 tower shield (worn)
 e - a +0 plate armour (worn)
Jewellery
 g - an amulet of reflection (around neck)
 j - a ring of wizardry
 l - a +4 ring of evasion (left hand)
Scrolls
 d - a scroll of magic mapping {unknown}
 f - a scroll of enchant weapon {unknown}
 h - 2 scrolls of immolation {unknown}
 i - a scroll of vulnerability {unknown}
Potions
 k - a potion of haste {unknown}
 m - a potion of magic {unknown}


   Skills:
 + Level 4.2 Fighting
 + Level 4.7 Long Blades
 + Level 2.5 Armour
 + Level 2.6 Dodging
 + Level 0.2 Stealth


You had 2 spell levels left.
You didn't know any spells.
Your spell library was empty.

Dungeon Overview and Level Annotations

Branches:
Dungeon (3/15)

Altars:

Shops:
D:3 =


Innate Abilities, Weirdness & Mutations

You have a pair of horns on your head.
You reflexively headbutt those who attack you in melee.


Message History

You barely miss something. Your headbutt misses something.
Something hits you but does no damage. You block something's attack.
You are too injured to fight recklessly!
Something hits you but does no damage.
Keep equipping yourself?
You block something's attack.
You start putting on your armour.
You continue putting on your +0 tower shield.
Something barely misses you. Something hits you but does no damage.
You continue putting on your +0 tower shield.
You hear some strange, mumbled words.
You are confused.
Something hits you but does no damage.
You continue putting on your +0 tower shield.
Something hits you but does no damage. x2
You continue putting on your +0 tower shield.
Something hits you. x2
* * * LOW HITPOINT WARNING * * *
You finish putting on your +0 tower shield.
An orc wizard appears from thin air!
Reactivating autopickup.
The orc wizard barely misses you. Something hits you but does no damage.
Deactivating autopickup; reactivate with Ctrl-A.
You barely miss the orc wizard. The orc wizard barely misses you.
Something hits you.
* * * LOW HITPOINT WARNING * * *
The orc wizard hits you but does no damage.
Something hits you.
* * * LOW HITPOINT WARNING * * *
The orc wizard casts a spell at you.
You are more confused.
Something hits you.
* * * LOW HITPOINT WARNING * * *
You hit something. The orc wizard closely misses you. Something hits you.
* * * LOW HITPOINT WARNING * * *
You hit the orc wizard but do no damage.
Your headbutt misses the orc wizard.
The orc wizard points at you and mumbles some strange words.
The puff of flame hits you.
You die...

#+# #+#
#.# #.#
#.# #.#
##.#####<#
#$@o.)..##
#.......#
#.......#
#...)...#
#...)...#
#....8..#
#.......#
#....<..#
......###


You could see an orc wizard.

Vanquished Creatures
  An orc wizard (D:3)
  2 orcs (D:3)
  A bat (D:1)
  3 endoplasms
  3 giant cockroaches (D:1)
  5 goblins
  4 hobgoblins
  4 jackals (D:1)
  6 kobolds
  5 quokkas
  A ball python (D:1)
  5 rats
40 creatures vanquished.

Notes
Turn   | Place    | Note
-------+----------+-------------------------------------------
     0 | D:1      | Kaemin the Minotaur Berserker began the quest for the Orb.
     0 | D:1      | Reached XP level 1. HP: 19/19 MP: 0/0
   206 | D:1      | Reached XP level 2. HP: 22/27 MP: 1/1
   641 | D:1      | Found Gousick's Magic Scroll Shoppe.
   859 | D:1      | Reached XP level 3. HP: 33/33 MP: 2/2
  1611 | D:2      | Found a faded altar of an unknown god.
  2277 | D:3      | Found Baemo's Jewellery Boutique.
  2308 | D:3      | HP: 1/33 [something (2)]
  2309 | D:3      | Killed from afar by an orc wizard

Illustrated notes

Levels and vault maps discovered:
D:1:      matt_arrival_diagonals, layout_basic, serial_shops,
          nicolae_shop_statue_plus
D:2:      layout_basic, hellmonk_ecumenical_altar_pennies_from_heaven
D:3:      layout_basic, serial_shops, shop_statue

Skill      XL: |  1  2 |
---------------+-------+-----
Fighting       | 4 |  4.2
Long Blades    | 4 |  4.7
Armour         | |  2.5
Dodging        | |  2.6
Stealth        | |  0.2

Action                   || total
-------------------------++-------
Melee: Falchion          ||    89
       Headbutt          ||    12
       Punch             ||     1
  Use: Potion            ||     5
Armor: Animal skin       ||     9
       Plate armour      ||    34
Dodge: Dodged            ||    37
Block: Other             ||    15

Table legend: (Time is in decaauts)
 A = Elapsed time spent in this place.
 B = Non-inter-level travel time spent in this place.
 C = Inter-level travel time spent in this place.
 D = Time resting spent in this place.
 E = Time spent auto-exploring this place.
 F = Levels seen in this place.
 G = Mean time per level.
                   A        B        C        D        E       F      G
               +--------+--------+--------+--------+--------+-----+--------+
         Total |   2333 |   2200 |    133 |     59 |   1853 |   3 |  777.7 |
       Dungeon |   2333 |   2200 |    133 |     59 |   1853 |   3 |  777.7 |
               +--------+--------+--------+--------+--------+-----+--------+

Top non-repeatable levels by time:
     D:1: 1212 daAuts
     D:2: 1075 daAuts
     D:3: 45 daAuts
